 Dungeon Crawl Stone Soup version 0.31-a0-240-gb923e448b6 (webtiles) character file.

Game seed: 11058192118769629483

88 qw the Shooter (level 4, -4/36 HPs)
             Began as a Minotaur Hexslinger on July 11, 2023.
             Killed by divine providence
             ... invoked by an orc priest
              (14 damage)
             ... on level 3 of the Dungeon.
             The game lasted 00:00:47 (1557 turns).

qw the Shooter (Minotaur Hexslinger)                Turns: 1557, Time: 00:00:47

Health: -4/36      AC:  6    Str: 13    XL:     4   Next: 29%
Magic:  4/4        EV: 11    Int: 10    God:
Gold:   101        SH:  0    Dex: 14    Spells: 4/5 levels left

rFire   . . .        Y - +2 sling
rCold   . . .        (no shield)
rNeg    . . .        l - +0 ring mail
rPois   .            (helmet restricted)
rElec   .            (no cloak)
rCorr   +            i - +0 pair of gloves
SInv    .            (no boots)
Will    .....        (no amulet)
Stlth   +            f - ring of resist corrosion
HPRegen 0.26/turn    (no ring)
MPRegen 0.09/turn

%: no passive effects
@: about to teleport
A: horns 2, retaliatory headbutt
a: no special abilities


You were on level 3 of the Dungeon.
You visited 1 branch of the dungeon, and saw 3 of its levels.

You collected 101 gold pieces.


Innate Abilities, Weirdness & Mutations

You have a pair of horns on your head.
You reflexively headbutt those who attack you in melee.


   Skills:
 - Level 2.0 Fighting
 + Level 4.7 Ranged Weapons
 - Level 1.0 Armour
 - Level 2.1 Dodging
 - Level 1.0 Spellcasting
 - Level 2.0 Hexes


You had 4 spell levels left.
You knew the following spells:

 Your Spells              Type           Power      Damage    Failure   Level
a - Slow                  Hex            16%        N/A       32%         1

Your spell library contained the following spells:

 Spells                   Type           Power      Damage    Failure   Level
 Inner Flame              Hex/Fire       2%         N/A       82%         3
 Portal Projectile        Hex/Tloc       4%         N/A       82%         3
 Cause Fear               Hex            2%         N/A       97%         4

Inventory:

Hand Weapons
 Y - a +2 sling (weapon)
Armour
 i - a +0 pair of gloves (worn)
 l - a +0 ring mail (worn)
Jewellery
 f - a ring of resist corrosion (left hand)
Scrolls
 k - 2 scrolls of identify
Potions
 b - a potion of degeneration {unknown}
 h - a potion of curing {unknown}
 j - a potion of invisibility {unknown}
 m - a potion of berserk rage {unknown}

Dungeon Overview and Level Annotations

Branches:
Dungeon (3/15)

Altars:
Uskayaw


Message History

The orc priest invokes the aid of Beogh against you.
Beogh smites you! The hobgoblin barely misses you.
You shoot a sling bullet. The sling bullet hits the hobgoblin!
You kill the hobgoblin!
The giant cockroach closely misses you.
You shoot a sling bullet.
The sling bullet completely misses the giant cockroach.
The sling bullet barely misses the orc priest.
The giant cockroach completely misses you.
You shoot a sling bullet.
The sling bullet hits the giant cockroach.
You kill the giant cockroach!
You shoot a sling bullet.
The sling bullet hits the orc priest but does no damage.
The orc priest calls down the wrath of Beogh upon you.
Beogh smites you!
You shoot a sling bullet. The sling bullet hits the orc priest.
The orc priest is lightly wounded.
You shoot a sling bullet.
The sling bullet barely misses the orc priest.
An orc comes into view. It is wielding a +0 dagger.
The orc priest hits you but does no damage.
The orc priest closely misses you.
The orc moves out of view.
You shoot a sling bullet.
The sling bullet hits the orc priest but does no damage.
The orc priest is lightly wounded.
The orc priest closely misses you.
You shoot a sling bullet.
The sling bullet barely misses the orc priest.
The orc priest closely misses you.
You shoot a sling bullet. The sling bullet hits the orc priest.
The orc priest is moderately wounded.
The orc priest casts a cantrip, but nothing happens.
The orc priest hits you with a +0 flail.
1557 ||| READING scroll of teleportation.
As you read the scroll of teleportation, it crumbles to dust.
You feel strangely unstable.
The orc priest invokes the aid of Beogh against you.
Beogh smites you!
You die...

......#..........
........................
.%8.8.....#.##....##...#
..........#.......##....
8..%..8)#.#.##..#.###...
....).$.#.......#.###...
8.....8.#.#.##..........
......o.#.#.##..).....#.
..8.8..@..........#####.
........................
.......#.....##.........
.#._.#.#................
.......####.##..........
####### #.# ....##.##.
#.. ......... ..##
......... ### ........


You could see an orc priest.

Vanquished Creatures
  An adder (D:2)
  2 worms
  A dart slug (D:3)
  An orc (D:3)
  4 bats
  7 endoplasms
  4 giant cockroaches
  6 goblins
  7 hobgoblins
  7 quokkas
  7 ball pythons
  6 frilled lizards
  8 kobolds
  3 rats
64 creatures vanquished.

Notes
Turn   | Place    | Note
-------+----------+-------------------------------------------
     0 | D:1      | qw the Minotaur Hexslinger began the quest for the Orb.
     0 | D:1      | Reached XP level 1. HP: 16/16 MP: 1/1
     0 | D:1      | 0 ||| qw: Version: 0.3-a-52-g30416fa
     0 | D:1      | 0 ||| qw: Game counter: 6087
     0 | D:1      | 0 ||| qw: Melee chars always use a shield: true
     0 | D:1      | 0 ||| qw: God list: Okawaru
     0 | D:1      | 0 ||| qw: Allow faded altars: false
     0 | D:1      | 0 ||| qw: Do Orc after clearing Dungeon:15 true
     0 | D:1      | 0 ||| qw: Do second Lair branch before Depths: true
     0 | D:1      | 0 ||| qw: Lair rune preference: random
     0 | D:1      | 0 ||| qw: Goals: Normal
     0 | D:1      | 0 ||| PLANNING D:1-11
   148 | D:1      | Reached skill level 3 in Ranged Weapons
   165 | D:1      | Reached XP level 2. HP: 23/23 MP: 2/2
   597 | D:1      | Found a faded altar of an unknown god.
   776 | D:1      | Reached XP level 3. HP: 29/29 MP: 3/3
   844 | D:1      | 844 ||| UPGRADING to +0 leather armour.
   854 | D:1      | 854 ||| DROPPING +0 robe.
   855 | D:1      | 855 ||| UPGRADING to ring of resist corrosion.
   856 | D:1      | 856 ||| READING scroll labelled PEDIRU JYXUOJI.
   857 | D:1      | 857 ||| READING scroll labelled COWNAU JIUXA.
   862 | D:1      | 862 ||| READING scroll labelled SIX QYIDOIRRAO.
   863 | D:1      | 863 ||| READING scroll labelled AGOUH NIOPHYHE.
   864 | D:1      | 864 ||| DROPPING scroll of poison.
  1014 | D:2      | Reached skill level 4 in Ranged Weapons
  1291 | D:2      | 1291 ||| UPGRADING to +0 pair of gloves.
  1296 | D:2      | 1296 ||| UPGRADING to +0 ring mail.
  1306 | D:2      | 1306 ||| DROPPING +0 leather armour.
  1307 | D:2      | 1307 ||| READING scroll labelled RICWEO ZIDOOCK.
  1308 | D:2      | 1308 ||| READING scroll labelled OTSORCHUJOGE.
  1309 | D:2      | 1309 ||| READING scroll labelled XEAL UREPNYMEU.
  1352 | D:3      | Reached XP level 4. HP: 29/36 MP: 4/4
  1362 | D:3      | Reached skill level 1 in Armour
  1539 | D:3      | Found a hide-covered altar of Uskayaw.
  1556 | D:3      | HP: 9/36 [orc priest/+0 flail (4)]
  1557 | D:3      | 1557 ||| READING scroll of teleportation.
  1557 | D:3      | Killed from afar by an orc priest

Levels and vault maps discovered:
D:1:      reono_arrival_forest_river, layout_loops_ring,
          ebering_ecumenical_altar_abandoned, minmay_shallow_snake_nest
D:2:      layout_basic
D:3:      layout_basic, nicolae_uskayaw_dance_hall, hangedman_decor_riveting

Skill      XL: |  1  2  3  4 |
---------------+-------------+-----
Ranged Weapons | 3 4 |  4.7
Fighting       | 2 |  2.0
Armour         | 1 |  1.0
Dodging        | |  2.1
Spellcasting   | |  1.0
Hexes          | |  2.0

Action                     |  1- 3 |  4- 6 || total
---------------------------+-------+-------++-------
   Fire: Sling             |   140 |    40 ||   180
    Use: Scroll            |     7 |     1 ||     8
 Armour: Robe              |     8 |       ||     8
         Ring mail         |     1 |    12 ||    13
  Dodge: Dodged            |    38 |    17 ||    55

Table legend:
 A = Non-vault XP
 B = Vault XP
 C = Vault XP percentage of total XP
 D = Non-vault monster count
 E = Vault monster count
 F = Vault count percentage of total count
                 A         B        C        D         E       F
            +---------+---------+-------+---------+---------+-------
      Total |     123 |       3 |   2.4 |      62 |       2 |   3.1
            +---------+---------+-------+---------+---------+-------
        D:1 |      41 |       3 |   6.8 |      25 |       2 |   7.4
        D:2 |      48 |       0 |   0.0 |      22 |       0 |   0.0
        D:3 |      34 |       0 |   0.0 |      15 |       0 |   0.0
            +---------+---------+-------+---------+---------+-------
